 Dungeon Crawl Stone Soup version 0.28-a0-723-g095bd1b44f (webtiles) character file.

Game seed: 4182415991039557889

6551 Rennog the Basher (level 11, -2/72 HPs)
             Began as a Gargoyle Fighter on Oct 25, 2021.
             Was a Priest of Okawaru.
             Slain by a black mamba (11 damage)
             ... on level 1 of the Lair of Beasts.
             The game lasted 00:25:15 (11805 turns).

Rennog the Basher (Gargoyle Fighter)               Turns: 11805, Time: 00:25:16

Health: -2/72      AC: 28    Str: 23    XL:     11   Next: 1%
Magic:  11/13      EV:  9    Int:  9    God:    Okawaru [***...]
Gold:   485        SH:  5    Dex:  9    Spells: 10/10 levels left

rFire   . . .      SeeInvis .   s - +0 morningstar (vorpal)
rCold   + . .      Faith    .   c - +0 buckler
rNeg    + . .      Spirit   .   v - +0 plate armour {rC+}
rPois   ∞          Reflect  .   (no helmet)
rElec   +          Harm     .   l - +2 cloak
rCorr   .          Rampage  .   (no gloves)
Will    .....                   A - +0 pair of boots
Stlth   ..........              (no amulet)
HPRegen 0.22/turn               (no ring)
MPRegen 0.13/turn               (no ring)

@: heroic
A: sickness immunity, AC +8, negative energy resistance 1, electricity
resistance, torment resistance 1, petrification resistance
a: Renounce Religion, Heroism


You were on level 1 of the Lair of Beasts.
You worshipped Okawaru.
Okawaru was most pleased with you.
You visited 3 branches of the dungeon, and saw 13 of its levels.
You also visited: Sewer.

You collected 599 gold pieces.
You spent 114 gold pieces at shops.

Inventory:

Hand Weapons
 a - a +0 flail
 g - a +5 mace of freezing
 s - a +0 vorpal morningstar (weapon)
Missiles
 u - 2 throwing nets (quivered)
Armour
 c - a +0 buckler (worn)
 l - a +2 cloak (worn)
 r - a +0 chain mail
 v - a +0 plate armour of cold resistance (worn)
 A - a +0 pair of boots (worn)
Jewellery
 y - an amulet of magic regeneration
 G - a ring of wizardry
Wands
 D - a wand of digging (6)
 E - a wand of iceblast (7)
Scrolls
 f - 4 scrolls of teleportation {unknown}
 i - 2 scrolls of magic mapping {unknown}
 j - 2 scrolls of brand weapon {unknown}
 k - a scroll of fear
 o - 6 scrolls of enchant armour {unknown}
 z - a scroll of enchant weapon {unknown}
 B - 2 scrolls of amnesia
 H - a scroll of silence
 I - 2 scrolls of vulnerability {unknown}
Potions
 b - a potion of invisibility {unknown}
 d - 2 potions of might
 e - 2 potions of resistance
 h - a potion of heal wounds {unknown}
 m - 3 potions of haste
 n - 3 potions of curing
 p - 2 potions of cancellation {unknown}
 q - 3 potions of brilliance {unknown}
 t - a potion of flight {unknown}
 x - 2 potions of mutation {unknown}
 C - 2 potions of ambrosia {unknown}
 F - a potion of degeneration {unknown}


   Skills:
 - Level 10.2(15.2) Fighting
 + Level 11.2(16.2) Maces & Flails
 - Level 7.4(12.4) Armour
 + Level 2.6(7.6) Dodging
 - Level 3.1(8.1) Stealth
 - Level 3.2(8.2) Shields
 + Level 3.8 Invocations


You had 10 spell levels left.
You didn't know any spells.
Your spell library contained the following spells:

 Spells                   Type           Power      Damage    Failure   Level
 Sandblast                Erth           0%         2d4       99%         1
 Passwall                 Tmut/Erth      0%         N/A       99%         2
 Ozocubu's Armour         Ice            0%         N/A       100%        3
 Stone Arrow              Conj/Erth      0%         3d7       100%        3
 Ozocubu's Refrigeration  Ice            0%         4d5       100%        7


Dungeon Overview and Level Annotations

Branches:
Dungeon (11/15)            Temple (1/1) D:6            Lair (1/6) D:10
    Orc (0/2) D:10          Sewer (visited)

Altars:
Ashenzari
Cheibriados
Dithmenos
Elyvilon
Fedhas
Gozag
Hepliaklqana
Kikubaaqudgha
Makhleb
Nemelex Xobeh
Okawaru
Qazlal
Ru
Trog
Uskayaw
Vehumet
Wu Jian
Xom
Yredelemnul
Zin
The Shining One
Lugonu

Shops:
D:9 :   D:10 ?   D:11 (

Annotations:
D:8 exclusion: statue


Innate Abilities, Weirdness & Mutations

You are immune to sickness and miasma.
Your stone body is resilient. (AC +8)
You are immune to poison.
You resist negative energy. (rN+)
You are resistant to electric shocks. (rElec)
You are resistant to unholy torment.
You are immune to petrification.


Message History

You hit the black mamba but do no damage.
The black mamba bites you but does no damage.
Your plate armour prevents you from hitting the black mamba.
The black mamba bites you!
The black mamba bites you but does no damage.
You are too injured to fight recklessly!
You are too injured to fight recklessly!
You are too injured to fight recklessly!
You are too injured to fight recklessly!
You are too injured to fight recklessly!
You are too injured to fight recklessly!
You are too injured to fight recklessly!
You are too injured to fight recklessly!
You are too injured to fight recklessly!
You are too injured to fight recklessly!
You are too injured to fight recklessly!
You are too injured to fight recklessly!
You are too injured to fight recklessly!
You are too injured to fight recklessly!
You are too injured to fight recklessly!
You are too injured to fight recklessly!
You are too injured to fight recklessly!
You are too injured to fight recklessly!
You are too injured to fight recklessly!
You puncture the black mamba!
The black mamba is heavily wounded.
The black mamba bites you but does no damage.
The black mamba bites you!
You hit the black mamba but do no damage.
The black mamba is heavily wounded.
The black mamba barely misses you.
You closely miss the black mamba.
The black mamba is heavily wounded.
The black mamba bites you but does no damage.
The black mamba bites you!
* * * LOW HITPOINT WARNING * * *
You gain the combat prowess of a mighty hero.
You can no longer speed up your combat.
The black mamba bites you!
You die...

### .. ## ..
..# ####.##..##
#..........
#.........#
###........P
#..S@.......
#.............#
+.####........#
###..##..# #..
## .## .# .#


You could see a black mamba.

Vanquished Creatures
  A hydra (D:10)
  Prince Ribbit (D:7)
  2 meliai zombies
  A shadow (D:9)
  Eustachio (D:6)
  4 yaks
  A steam dragon (D:7)
  2 water moccasins
  The ghost of AlleluiaPinecone the Cudgeller, an amateur TrBe of Trog (D:4)
  2 sky beasts
  Purgy (Sewer)
  2 black bears
  5 orc warriors
  An ogre (D:7)
  3 ice beasts
  2 centaurs
  2 phantoms
  3 kobold brigands
  2 bullfrogs
  5 scorpions
  4 wights
  3 killer bees (D:10)
  5 electric eels (D:10)
  5 howler monkeys
  A jelly (D:5)
  2 centaur zombies
  3 orc priests
  A bullfrog skeleton (D:6)
  2 centaur skeletons
  2 iguanas
  10 orc wizards
  2 killer bee zombies
  A howler monkey zombie (D:7)
  Robin (D:3)
  6 gnolls (D:4)
  A howler monkey skeleton (D:7)
  4 adders
  A white imp (D:7)
  An ufetubus (D:7)
  2 dart slugs (D:1)
  64 orcs
  4 bats
  11 endoplasms
  7 giant cockroaches
  12 goblins
  8 hobgoblins
  4 quokkas (D:2)
  13 ball pythons
  4 frilled lizards
  11 kobolds
  8 rats
245 creatures vanquished.

Vanquished Creatures (others)
  3 orcs (D:10)
  A butterfly (D:6)
  37 plants (D:10)
41 creatures vanquished.

Grand Total: 286 creatures vanquished

Notes
Turn   | Place    | Note
-------+----------+-------------------------------------------
     0 | D:1      | Rennog the Gargoyle Fighter began the quest for the Orb.
     0 | D:1      | Reached XP level 1. HP: 14/14 MP: 1/1
   367 | D:1      | Reached XP level 2. HP: 17/19 MP: 2/2
   969 | D:2      | Noticed a floating eye
   974 | D:2      | Found a faded altar of an unknown god.
   979 | D:2      | Noticed a floating eye
   979 | D:2      | Noticed a floating eye
   979 | D:2      | Noticed a floating eye
  1045 | D:2      | Reached XP level 3. HP: 14/24 MP: 3/3
  1329 | D:2      | Reached skill level 3 in Maces & Flails
  1707 | D:2      | Reached XP level 4. HP: 30/30 MP: 4/4
  2181 | D:3      | Found a glowing drain.
  2209 | Sewer    | Entered a sewer
  2320 | Sewer    | Noticed Purgy
  2330 | Sewer    | Killed Purgy
  2331 | Sewer    | Reached skill level 5 in Fighting
  2331 | Sewer    | Reached skill level 4 in Maces & Flails
  2331 | Sewer    | Reached XP level 5. HP: 32/35 MP: 5/5
  2529 | D:3      | Identified the +0 helmet of the Evil One {Fly Str-3 Dex+3
                  | Slay+5}
  2529 | D:3      | Noticed Robin
  2541 | D:3      | Killed Robin
  3048 | D:3      | Found a shadowy altar of Dithmenos.
  3074 | D:3      | Found a broken altar of Ashenzari.
  3744 | D:4      | Found a shimmering altar of Xom.
  3777 | D:4      | Reached XP level 6. HP: 31/40 MP: 6/6
  4061 | D:4      | Reached skill level 5 in Maces & Flails
  4180 | D:4      | Found an ornate altar of the Wu Jian Council.
  4219 | D:4      | Found a runed translucent door.
  4223 | D:4      | Noticed AlleluiaPinecone's ghost (amateur TrBe)
  4488 | D:4      | Reached XP level 7. HP: 45/47 MP: 7/7
  4700 | D:4      | Killed AlleluiaPinecone's ghost
  4985 | D:5      | Entered Level 5 of the Dungeon
  5031 | D:5      | Reached skill level 6 in Maces & Flails
  5087 | D:5      | Found a stormy altar of Qazlal.
  5102 | D:5      | Reached XP level 8. HP: 45/53 MP: 8/8
  5147 | D:5      | Reached skill level 7 in Maces & Flails
  5608 | D:6      | Found a glowing silver altar of Zin.
  5877 | D:6      | Found a white marble altar of Elyvilon.
  5890 | D:6      | Found a staircase to the Ecumenical Temple.
  5904 | Temple   | Entered the Ecumenical Temple
  5936 | Temple   | Became a worshipper of Warmaster Okawaru
  5978 | D:6      | Reached skill level 8 in Maces & Flails
  6144 | D:6      | Reached XP level 9. HP: 60/60 MP: 9/9
  6146 | D:6      | Noticed Eustachio
  6155 | D:6      | Killed Eustachio
  6565 | D:6      | Reached * piety under Okawaru
  6678 | D:6      | Found a sparkling altar of Nemelex Xobeh.
  6736 | D:7      | Found a sacrificial altar of Ru.
  6739 | D:7      | Noticed Prince Ribbit
  6898 | D:7      | Killed Prince Ribbit
  6899 | D:7      | Reached skill level 10 in Fighting
  6899 | D:7      | Reached skill level 1 in Invocations
  6926 | D:7      | Reached skill level 9 in Maces & Flails
  7048 | D:7      | Found a bloodstained altar of Trog.
  7261 | D:7      | Reached ** piety under Okawaru
  7857 | D:8      | Noticed a two-headed ogre
  7861 | D:8      | Reached XP level 10. HP: 68/68 MP: 12/12
  8032 | D:8      | Found a radiant altar of Vehumet.
  8051 | D:8      | Reached skill level 5 in Armour
  8288 | D:9      | Found Puex's Self-Improvement Boutique.
  8304 | D:9      | Reached skill level 10 in Maces & Flails
  8324 | D:9      | Found an opulent altar of Gozag.
  8959 | D:10     | Entered Level 10 of the Dungeon
  8959 | D:10     | Found Exoer's Magic Scroll Shoppe.
  9180 | D:10     | Reached *** piety under Okawaru
  9319 | D:10     | Bought a scroll of blinking for 90 gold pieces
  9319 | D:10     | Bought a scroll of identify for 24 gold pieces
  9783 | D:10     | Found a staircase to the Orcish Mines.
  9890 | D:10     | Found a staircase to the Lair.
 10139 | D:10     | Found a glowing golden altar of the Shining One.
 10209 | D:10     | Found a blossoming altar of Fedhas.
 10209 | D:10     | Found an ancient bone altar of Kikubaaqudgha.
 10322 | D:11     | Found Liuckapa's Antique Weapon Emporium.
 10361 | D:11     | Reached skill level 1 in Dodging
 10602 | D:11     | Noticed a seven-headed hydra
 10669 | D:10     | Reached skill level 1 in Stealth
 10841 | D:10     | Reached skill level 11 in Maces & Flails
 11571 | D:11     | Noticed a four-headed hydra
 11572 | D:11     | Noticed an ogre mage
 11573 | D:11     | Noticed a rakshasa
 11573 | D:11     | Noticed a cyclops
 11592 | D:10     | Killed a four-headed hydra
 11592 | D:10     | Reached **** piety under Okawaru
 11593 | D:10     | Reached XP level 11. HP: 51/72 MP: 13/13
 11643 | Lair:1   | Entered Level 1 of the Lair of Beasts
 11805 | Lair:1   | Slain by a black mamba

Illustrated notes

Levels and vault maps discovered:
D:1:      mrwooster_arrival_arrow, layout_basic
D:2:      minmay_skewed_foursquare, layout_basic,
          hellmonk_ecumenical_altar_watching_god
D:3:      layout_loops_cross, grunt_dithmenos_smoke_and_mirrors,
          nicolae_ashenzari_panopticon, portal_sewer_entry_b,
          chequers_serial_rivers_micro_a, minmay_strange_pillars, uniq_robin
D:4:      layout_loops_cross, mainiacjoe_overflow_catwalk,
          mainiacjoe_overflow_boulevard, ebering_ghost_inner_flame, st_stairs_7
D:5:      layout_cave_pools, lemuel_round_altar
D:6:      layout_loops_cross, kennysheep_little_box,
          nicolae_elyvilon_peaceful_grove, zin_academy, temple_statues,
          uniq_eustachio
D:7:      layout_rooms, lemuel_doored_altar,
          mainiacjoe_overflow_concentric_impassable, minmay_joined_circles,
          uniq_prince_ribbit1
D:8:      layout_basic, lemuel_round_altar, vehumet_statue
D:9:      layout_irregular_city, mainiacjoe_overflow_alcove_4,
          minmay_tree_intersection, nicolae_shop_self_help
D:10:     layout_irregular_city, grunt_temple_overflow_growth_and_decay,
          tso_oasis_becter, lair_entry_dummy, hiddenorc2_lemuel, serial_bayou,
          serial_bayou_pond_d, serial_bayou_shore_a, serial_bayou_ford_a,
          serial_bayou_crossing, serial_shops, nicolae_shop_statue_plus
D:11:     minmay_the_grid_four_pointed_star_mashed
          [minmay_the_grid_triangle_9x9_corrupted_corridor,
          minmay_the_grid_triangle_9x9_warning,
          minmay_the_grid_triangle_9x9_corruption,
          minmay_the_grid_triangle_9x9_checkered,
          minmay_the_grid_prize_four_corners_diamond_a], layout_cave_pools,
          nicolae_stop_n_shop_2, uniq_erolcha
Temple:   corrupted_temple
Lair:1:   layout_roguey, st_stairs_3, uniq_sonja

Skill      XL: |  1  2  3  4  5  6  7  8  9 10 |
---------------+-------------------------------+-----
Fighting       | 4 5 6 7 9 10 | 10.2
Maces & Flails | 3 4 5 6 8 9 11 | 11.2
Invocations    | 3 |  3.8
Armour         | 4 7 |  7.4
Dodging        | 2 |  2.6
Stealth        | 3 |  3.1
Shields        | |  3.2

Action                   |  1- 3 |  4- 6 |  7- 9 | 10-12 || total
-------------------------+-------+-------+-------+-------++-------
Melee: Flail             |   116 |   163 |       |       ||   279
       Morningstar       |       |    64 |   306 |   295 ||   665
Invok: Heroism           |       |       |       |     1 ||     1
  Use: Scroll            |       |       |       |     7 ||     7
Armor: Scale mail        |    65 |   114 |       |       ||   179
       Chain mail        |       |    16 |       |       ||    16
       Plate armour      |       |    31 |   279 |   292 ||   602
Dodge: Dodged            |    65 |   116 |    99 |    87 ||   367
Block: Buckler           |    26 |    39 |    64 |    50 ||   179

Table legend: (Time is in decaauts)
 A = Elapsed time spent in this place.
 B = Non-inter-level travel time spent in this place.
 C = Inter-level travel time spent in this place.
 D = Time resting spent in this place.
 E = Time spent auto-exploring this place.
 F = Levels seen in this place.
 G = Mean time per level.
                   A        B        C        D        E       F      G
               +--------+--------+--------+--------+--------+-----+--------+
         Total |  11961 |  11219 |    742 |    898 |   8018 |  14 |  854.4 |
       Dungeon |  11728 |  10997 |    731 |    898 |   7879 |  11 | 1066.2 |
        Temple |     44 |     33 |     11 |      0 |     24 |   1 |   44.0 |
          Lair |     14 |     14 |      0 |      0 |      0 |   1 |   14.0 |
         Sewer |    174 |    174 |      0 |      0 |    115 |   1 |  174.0 |
               +--------+--------+--------+--------+--------+-----+--------+

Top non-repeatable levels by time:
    D:10: 1850 daAuts
     D:9: 1479 daAuts
     D:4: 1460 daAuts
     D:3: 1246 daAuts
     D:6: 1224 daAuts
     D:2: 1214 daAuts
     D:7: 1015 daAuts
     D:1: 984 daAuts
     D:5: 596 daAuts
    D:11: 333 daAuts
     D:8: 323 daAuts
   Sewer: 174 daAuts
  Temple: 44 daAuts
  Lair:1: 14 daAuts
